Map: Blackpink LE

Players

EDGE - Winner!

  • Race: Terran Terran
  • Spawn Location: 1:00

Infamous

  • Race: Protoss Protoss
  • Spawn Location: 7:00

VOD

Have the link to the VOD?

Description

Time

  • Played on: Jan. 24, 2018, 1:55 p.m.
  • Length: 11:42
Show
View Real Time Build Order
Export as new Build Order

EDGE Terran - Winner!

Build Orders: MMM Bio 

Get SALT Encoding   

  12  0:01  SCV  
  13  0:13  SCV  
  14  0:18  Supply Depot  
  14  0:25  SCV  
  15  0:40  SCV  
  15  0:42  Barracks  
  16  0:46  Refinery  
  16  0:52  SCV  
  18  1:04  SCV  
  18  1:16  SCV  
  19  1:19  Barracks  
  19  1:28  SCV  
  20  1:33  Marine  
  21  1:40  Supply Depot  
  21  1:41  Orbital Command  
  21  1:51  Marine  
  22  2:09  Marine  
  22  2:10  SCV, Refinery  
  24  2:20  Factory, Barracks Reactor  
  24  2:22  SCV  
  25  2:27  Marine  
  26  2:34  SCV  
  26  2:35  Supply Depot  
  27  2:44  Marine  
  27  2:46  SCV  
  29  2:58  SCV  
  30  3:02  Marine  
  30  3:11  Engineering Bay  
  30  3:19  SCV  
  31  3:23  Barracks Tech Lab  
  31  3:25  Supply Depot  
  31  3:26  Marine  
  32  3:31  SCV, Cyclone  
  32  3:32  Cyclone  
  39  3:44  Stimpack  
  39  3:46  Marine, SCV, Terran Infantry Weapons Level 1  
  41  3:52  Supply Depot  
  41  4:04  Marine  
  41  4:07  Barracks Reactor  
  42  4:16  SCV  
  43  4:20  Cyclone  
  43  4:21  Marine  
  47  4:27  Supply Depot  
  47  4:28  SCV  
  48  4:39  Marine  
  48  4:44  Command Center  
  49  4:47  Refinery  
  49  5:08  Marine x3  
  49  5:11  Cyclone x2  
  58  5:23  SCV  
  58  5:26  Marine x2  
  61  5:36  SCV  
  61  5:42  Starport  
  62  5:47  Armory  
  62  5:48  SCV, Combat Shields  
  63  6:00  SCV  
  64  6:10  Orbital Command  
  64  6:14  Marine x3  
  70  6:22  Terran Infantry Armor Level 1  
  70  6:31  Marine  
  67  6:41  Factory Tech Lab  
  67  6:45  Medivac x2  
  71  6:58  Fusion Core  
  71  7:02  Supply Depot x2  
  71  7:07  Refinery  
  71  7:09  SCV  
  71  7:11  SCV  
  73  7:21  SCV  
  74  7:23  SCV  
  74  7:24  Medivac x2  
  74  7:27  Marine x2  
  81  7:35  SCV  
  82  7:44  Liberator  
  76  7:45  Marine x2  
  78  7:57  Marine  
  79  8:01  Medivac  
  79  8:03  Marine x2  
  81  8:14  Liberator  
  81  8:15  Marine  
  70  8:21  Marine  
  70  8:22  Marine  
  70  8:24  Widow Mine  
  67  8:30  SCV x2  
  67  8:33  Marine  
  66  8:39  Marine  
  66  8:42  SCV  
  66  8:43  Medivac, SCV  
  66  8:45  Widow Mine  
  72  8:54  Marine x2  
  72  8:55  SCV x2  
  76  8:56  Liberator  
  76  8:57  Marine  
  77  9:07  Supply Depot, SCV x2, Widow Mine  
  81  9:12  Marine x2  
  81  9:15  Marine  
  87  9:25  Missile Turret, Liberator  
  87  9:26  Sensor Tower  
  87  9:27  Missile Turret, Sensor Tower  
  87  9:28  Widow Mine  
  87  9:30  Marine x2, Supply Depot  
  91  9:33  Marine  
  92  9:39  Missile Turret  
  95  9:46  Command Center  
  95  9:47  Refinery  
  95  9:48  Marine x2  
  95  9:49  Widow Mine  
  95  9:51  Marine  
  100  9:55  Missile Turret  
  100  9:56  Medivac  
  102  10:06  Marine x2  
  104  10:08  Marine  
  104  10:11  Widow Mine  
  104  10:12  Refinery  
  107  10:23  Marine x2  
  107  10:26  Marine  
  110  10:31  Liberator  
  110  10:40  Starport  
  110  10:57  Marine x2, Medivac  
  110  10:58  Reaper, Widow Mine  
  117  11:15  Marine x2  
  119  11:19  Widow Mine  
Show
View Real Time Build Order
Export as new Build Order

Infamous Protoss 

Build Orders:  

Get SALT Encoding   

  12  0:02  Probe  
  13  0:15  Pylon  
  13  0:18  Probe (Chrono Boost)  
  14  0:32  Probe (Chrono Boost)  
  14  0:34  Gateway  
  15  0:45  Probe  
  16  0:50  Assimilator  
  16  0:58  Pylon  
  16  1:02  Probe (Chrono Boost)  
  17  1:19  Forge  
  17  1:26  Probe  
  17  1:28  Cybernetics Core  
  18  1:37  Pylon  
  18  1:43  Probe  
  19  1:52  Zealot  
  19  1:53  Pylon  
  21  2:02  Probe  
  21  2:07  Pylon  
  22  2:16  Probe  
  22  2:17  Warp Gate (Chrono Boost)  
  23  2:26  Assimilator  
  23  2:33  Probe (Chrono Boost)  
  24  2:44  Probe (Chrono Boost)  
  25  2:52  Probe  
  26  3:16  Probe  
  27  3:29  Probe  
  27  3:31  Nexus  
  27  3:34  Pylon  
  28  3:37  Pylon  
  28  3:39  Pylon  
  28  3:41  Gateway  
  28  3:43  Probe  
  28  3:46  Protoss Ground Weapons Level 1 (Chrono Boost)  
  29  3:55  Probe  
  30  4:09  Protoss Air Weapons Level 1 (Chrono Boost)  
  30  4:23  Gateway  
  30  4:25  Pylon, Probe  
  31  4:37  Stalker  
  33  5:01  Stalker x2  
  33  5:04  Probe  
  37  5:09  Gateway  
  37  5:18  Robotics Facility  
  37  5:30  Stalker  
  37  5:31  Stalker  
  41  5:52  Probe  
  41  5:55  Pylon  
  42  6:09  Probe  
  42  6:10  Robotics Bay  
  43  6:15  Stalker x3  
  49  6:21  Protoss Shields Level 1  
  49  6:25  Observer  
  48  6:45  Stalker x3  
  54  7:09  Sentry  
  56  7:33  Sentry x2  
  56  7:51  Stalker x2  
  42  8:30  Stalker x2  
  42  8:31  Stalker x2  
  44  8:50  Nexus  
  44  8:53  Pylon  
  44  9:02  Colossus  
  50  9:33  Pylon, Twilight Council  
  50  9:35  Gateway  
  50  9:42  Sentry  
  52  10:13  Assimilator  
  52  10:14  Probe (Chrono Boost), Assimilator  
  54  10:23  Probe (Chrono Boost)  
  54  10:24  Probe (Chrono Boost)  
  54  10:25  Sentry x2  
  54  10:26  Stalker  
  61  10:28  Probe (Chrono Boost)  
  61  10:32  Probe  
  63  10:40  Probe  
  40  11:04  Stalker  
  40  11:06  Stalker x3  
  42  11:23  Stalker  
Tags
 
Composition
MMM Bio
Matchup
PvT
Replay Pack
Last Remnant (2)
Spawn Locations
Cross Positions
Add a new tag
Caveats
  • Supply blocks, unpowered buildings, or Contaminate may cause inaccurate times.
  • Supply counts are checked every 10 seconds.